[Event "Team 45 45 League T52"]
[Site "Internet Chess Club"]
[Date "2012.03.23"]
[Round "6"]
[White "MikeA"]
[Black "sibirica"]
[Result "0-1"]
[WhiteElo "2226"]
[BlackElo "2415"]
[Opening "Réti: King's Indian attack"]
[ECO "A05"]
[Time "19:01:44"]
[TimeControl "2700+45"]

1. Nf3 Nf6 2. g3 g6 3. Bg2 Bg7 4. O-O O-O 5. d3 d6 6. Nc3 c5 7. Bg5 Nc6 8. Re1
h6 9. Bd2 Ne8 10. Qc1 Kh7 11. e4 Nc7 12. a3 Rb8 13. Rb1 a5 14. Be3 Bg4 15. h3
Bxf3 16. Bxf3 Nd4 17. Bg2 b5 18. Ne2 Nce6 19. c3 Nxe2+ 20. Rxe2 b4 21. axb4 axb4
22. Ra1 bxc3 23. bxc3 Rb3 24. Rc2 Qb6 25. Kh2 Rb8 26. f4 Rb1 27. Rxb1 Qxb1 28.
Qd2 Rb3 29. Rc1 Qb2 30. Rc2 Qa1 31. f5 Nc7 32. d4 cxd4 33. cxd4 Nb5 34. Qf2 g5
35. f6 Bxf6 36. Qf5+ Kg7 37. e5 dxe5 38. Be4 Nd6 39. Qh7+ Kf8 40. Qxh6+ Bg7 41.
Qxg5 f6 42. Qh5 Rxe3 43. Bd5 Rc3 44. Ra2 Qxa2+ 45. Bxa2 Rc2+ 46. Kg1 Rxa2 47.
dxe5 fxe5 48. Qf3+ Bf6 49. h4 e4 50. Qf4 Ra3 51. Kg2 Rf3 52. Qh6+ Ke8 53. g4 Nc4
54. Qg6+ Kf8 55. Qxe4 Rc3 56. g5 Be5 57. h5 Rg3+ 58. Kf2 Rxg5 59. h6 Nd6 60. Qh1
Rf5+ 61. Ke2 Kg8 62. Kd3 Kh7 63. Qh4 Bf6 64. Qh3 Rf4 65. Ke3 Rh4 {White resigns}
0-1

[Event "Team 45 45 League T52"]
[Site "Internet Chess Club"]
[Date "2012.03.25"]
[Round "6"]
[White "mcplayerus"]
[Black "qlwqznzn"]
[Result "1/2-1/2"]
[WhiteElo "2061"]
[BlackElo "2381"]
[Opening "King's Indian: fianchetto, classical variation, 8.e4"]
[ECO "E68"]
[Time "08:00:44"]
[TimeControl "2700+45"]

1. d4 Nf6 2. Nf3 g6 3. g3 Bg7 4. Bg2 O-O 5. O-O d6 6. c4 Nbd7 7. Nc3 e5 8. e4 c6
9. Be3 Re8 10. d5 Qe7 11. Qa4 c5 12. b4 cxb4 13. Qxb4 b6 14. a4 Nc5 15. Bxc5
bxc5 16. Qa5 Bg4 17. Rab1 Qd7 18. Rfe1 Bh3 19. Qa6 Bxg2 20. Kxg2 Reb8 21. Rb5
Ne8 22. Reb1 Rxb5 23. Rxb5 Bh6 24. Rb7 Qc8 25. Qc6 Qd8 26. Rd7 Qb8 27. Nb5 Bf8
28. Ng5 a6 29. Nc7 Nxc7 30. Qxc7 Qxc7 31. Rxc7 Rb8 32. Ra7 Rb4 33. Rxa6 Rxc4 34.
f3 Rc2+ 35. Kg1 c4 36. Rc6 c3 37. h4 h6 38. Nh3 f5 39. a5 Ra2 40. Rxc3 Rxa5 41.
Rc7 Ra2 42. Nf2 h5 43. g4 hxg4 44. fxg4 f4 45. Kg2 Ra3 46. Rd7 Rg3+ 47. Kf1 Ra3
48. g5 Rg3 49. Ke2 Rg2 50. Kf3 Rg3+ 51. Ke2 Rg2 52. Kf1 Rg3 53. Ke2 {Game drawn
by repetition} 1/2-1/2

[Event "Team 45 45 League T52"]
[Site "Internet Chess Club"]
[Date "2012.03.23"]
[Round "6"]
[White "demo05"]
[Black "RedAttack"]
[Result "1-0"]
[WhiteElo "2048"]
[BlackElo "1915"]
[Opening "Ruy Lopez: old Steinitz defense"]
[ECO "C62"]
[Time "15:00:42"]
[TimeControl "2700+45"]

1. e4 e5 2. Nf3 Nc6 3. Bb5 d6 4. d4 exd4 5. Nxd4 Ne7 6. Nc3 Bd7 7. Nf3 g6 8. Bg5
Bg7 9. Nd5 h6 10. Bf6 Bxf6 11. Nxf6+ Kf8 12. Nxd7+ Qxd7 13. Qd3 a6 14. Qc3 Rg8
15. Bc4 b5 16. Bb3 Re8 17. O-O-O a5 18. e5 b4 19. Qd2 Kg7 20. exd6 cxd6 21. Qxd6
Qf5 22. Nd4 Nxd4 23. Qxd4+ Kh7 24. Rhe1 Nc6 25. Qd6 Ne5 26. Kb1 Ng4 27. f3 Ne3
28. Rc1 Nxg2 29. Red1 Nf4 30. Qd7 Ne6 31. Rd5 Qxf3 32. Rxa5 Rd8 33. Qe7 Rge8 34.
Qxb4 Rd4 35. Qb5 Red8 36. a3 Ng5 37. Qf1 Qb7 38. Ka2 Kg7 39. Qe1 Nf3 40. Qc3 Kh7
41. Rf1 Ng5 42. Rxg5 hxg5 43. Rxf7+ Qxf7 44. Bxf7 Kg7 45. Bc4 Kh6 46. a4 g4 47.
a5 Rf4 {Black resigns} 1-0

[Event "Team 45 45 League T52"]
[Site "Internet Chess Club"]
[Date "2012.03.28"]
[Round "6"]
[White "BadHabitMarco"]
[Black "QueensCounselor"]
[Result "1-0"]
[WhiteElo "2213"]
[BlackElo "2112"]
[Opening "Petrov: Cochrane gambit"]
[ECO "C42"]
[Time "14:34:46"]
[TimeControl "2700+45"]

1. e4 e5 2. Nf3 Nf6 3. Nxe5 d6 4. Nxf7 Kxf7 5. Nc3 Qe8 6. d4 g6 7. Bc4+ Be6 8.
d5 Bd7 9. O-O Na6 10. Re1 Nc5 11. f4 b5 12. Bf1 Ncxe4 13. Nxe4 Nxe4 14. Bd3 Qc8
15. Bxe4 Bg7 16. c3 Re8 17. Bc2 Kg8 18. Be3 Bf5 19. Qd2 a6 20. Rad1 Qd7 21. Bd3
Re7 22. Qc2 Bxd3 23. Qxd3 Rae8 24. Bf2 a5 25. Bh4 Rxe1+ 26. Rxe1 b4 27. Rxe8+
Qxe8 28. cxb4 axb4 29. b3 Kf7 30. Kf2 c5 31. dxc6 Qxc6 32. Qc4+ Qxc4 33. bxc4
Ke6 34. Ke3 d5 35. cxd5+ Kxd5 36. Be7 Bc3 37. Kd3 Be1 38. g4 h5 39. f5 hxg4 40.
fxg6 Ke6 41. Bf8 g3 42. g7 Kf7 43. hxg3 Bxg3 44. Kc4 Be1 45. Bxb4 {Black
resigns} 1-0

[Event "Team 45 45 League T52"]
[Site "Internet Chess Club"]
[Date "2012.03.25"]
[Round "6"]
[White "PandorasBox"]
[Black "daniguti"]
[Result "1/2-1/2"]
[WhiteElo "1946"]
[BlackElo "1852"]
[Opening "English: symmetrical, Botvinnik system"]
[ECO "A36"]
[Time "18:04:26"]
[TimeControl "2700+45"]

1. c4 c5 2. g3 g6 3. Bg2 Bg7 4. Nc3 Nc6 5. e4 d6 6. Nge2 e5 7. O-O Nge7 8. d3
O-O 9. Rb1 Be6 10. a3 a5 11. f4 Nd4 12. Nxd4 cxd4 13. Nd5 Bxd5 14. cxd5 f5 15.
b4 b6 16. Bd2 fxe4 17. dxe4 Qd7 18. bxa5 bxa5 19. a4 Qa7 20. Qg4 Kh8 21. Rb5 d3+
22. Kh1 Qd4 23. Rb7 Ra7 24. Rxa7 Qxa7 25. Qe6 Rf6 26. Qg4 Qd4 27. Bxa5 Qxa4 28.
Bd8 Qe8 29. Bxe7 Qxe7 30. Rd1 exf4 31. Rxd3 fxg3 32. hxg3 Rf2 33. Rf3 Rxf3 {Game
drawn by mutual agreement} 1/2-1/2

[Event "Team 45 45 League T52"]
[Site "Internet Chess Club"]
[Date "2012.03.25"]
[Round "6"]
[White "Campagnolo"]
[Black "Deckfuel"]
[Result "1-0"]
[WhiteElo "2059"]
[BlackElo "1865"]
[Opening "QGD Slav: exchange variation, 6.Bf4 Bf5"]
[ECO "D14"]
[Time "14:01:52"]
[TimeControl "2700+45"]

1. Nf3 d5 2. d4 Nf6 3. c4 c6 4. cxd5 cxd5 5. Nc3 Nc6 6. Bf4 Bf5 7. e3 Rc8 8. Be2
e6 9. Rc1 Qb6 10. Nh4 Qxb2 11. Nxf5 exf5 12. O-O Ba3 13. Rc2 Qb6 14. Nb5 Be7 15.
Nd6+ Bxd6 16. Bxd6 Ne4 17. Ba3 Kd7 18. f3 Nd6 19. Rc5 Ne7 20. Qa4+ Rc6 21. Bb5
Nxb5 22. Rxb5 Qc7 23. Qb4 Kd8 24. Rxb7 Rb6 25. Qxe7+ Qxe7 26. Bxe7+ Ke8 27. Rxb6
axb6 28. Bb4 Kd7 29. Rc1 Re8 30. Kf2 g5 31. Rc3 h5 32. h3 h4 33. Rc2 Ra8 34. Ke2
Re8 35. Kd3 Ra8 36. e4 fxe4+ 37. fxe4 Re8 38. exd5 f5 39. Rc6 f4 40. Re6 Rg8 41.
Ke4 b5 42. Re7+ Kc8 43. Kf3 {Black resigns} 1-0

[Event "Team 45 45 League T52"]
[Site "Internet Chess Club"]
[Date "2012.03.24"]
[Round "6"]
[White "JohanWassermann"]
[Black "eurander"]
[Result "0-1"]
[WhiteElo "1975"]
[BlackElo "2122"]
[Opening "Caro-Kann: Panov-Botvinnik, normal variation"]
[ECO "B13"]
[Time "14:01:23"]
[TimeControl "2700+45"]

1. e4 c6 2. d4 d5 3. exd5 cxd5 4. c4 Nf6 5. Nc3 Nc6 6. Bg5 e6 7. Nf3 Be7 8. c5
O-O 9. Bb5 Ne4 10. Bxe7 Nxe7 11. Rc1 Bd7 12. Bd3 f5 13. Ne5 Ng6 14. Nxg6 hxg6
15. O-O Qf6 16. Re1 g5 17. f3 Qxd4+ {White resigns} 0-1

[Event "Team 45 45 League T52"]
[Site "Internet Chess Club"]
[Date "2012.03.25"]
[Round "6"]
[White "SlimeDog2"]
[Black "CS-Attila"]
[Result "1-0"]
[WhiteElo "2119"]
[BlackElo "1983"]
[Opening "Neo-Grünfeld defense"]
[ECO "D70"]
[Time "20:30:26"]
[TimeControl "2700+45"]

1. d4 Nf6 2. c4 g6 3. Nf3 d5 4. cxd5 Nxd5 5. e4 Nb6 6. Nc3 Bg7 7. Be3 Nc6 8. d5
Ne5 9. Nxe5 Bxe5 10. Bh6 e6 11. Qd2 exd5 12. exd5 Bf5 13. O-O-O Qd6 14. Bb5+ Kd8
15. g4 a6 16. Be2 Bd7 17. Ne4 Qe7 18. f4 Ba4 19. fxe5 Qxe5 20. Qg5+ Qxg5+ 21.
Bxg5+ {Black resigns} 1-0

[Event "Team 45 45 League T52"]
[Site "Internet Chess Club"]
[Date "2012.03.31"]
[Round "6"]
[White "gareth"]
[Black "chiiwen"]
[Result "1/2-1/2"]
[WhiteElo "2145"]
[BlackElo "2233"]
[Opening "Richter-Veresov attack"]
[ECO "D01"]
[Time "13:01:40"]
[TimeControl "2700+45"]

1. d4 d5 2. Nc3 Nf6 3. Bg5 h6 4. Bh4 c6 5. e3 Qb6 6. Rb1 Bf5 7. Bd3 Bxd3 8. cxd3
Nbd7 9. f4 e6 10. Nf3 c5 11. O-O cxd4 12. Nxd4 Bd6 13. Qf3 O-O 14. Rfc1 Rac8 15.
Rc2 a6 16. Rbc1 Rce8 17. a3 Qa7 18. Kh1 Qb8 19. b4 Rc8 20. g4 Rfe8 21. g5 hxg5
22. Bxg5 Nh7 23. Bh4 Ndf6 24. Rg1 Bf8 25. Bf2 Kh8 26. Rgc1 Bd6 27. Qh3 {Game
drawn by mutual agreement} 1/2-1/2

[Event "Team 45 45 League T52"]
[Site "Internet Chess Club"]
[Date "2012.03.24"]
[Round "6"]
[White "shyguy"]
[Black "Pomberito"]
[Result "1-0"]
[WhiteElo "2279"]
[BlackElo "2058"]
[Opening "Ruy Lopez: Anderssen variation"]
[ECO "C77"]
[Time "18:19:19"]
[TimeControl "2700+45"]

1. e4 e5 2. Nf3 Nc6 3. Bb5 a6 4. Ba4 Nf6 5. d3 d6 6. Nbd2 b5 7. Bb3 Na5 8. Nf1
Be7 9. Ng3 O-O 10. O-O h6 11. Bd2 Nxb3 12. axb3 Re8 13. Qe2 Nh7 14. c4 Rb8 15.
Ra2 Ng5 16. Nxg5 hxg5 17. Rfa1 g6 18. Nf1 Kg7 19. Ne3 c6 20. h3 Rh8 21. b4 Rh4
22. f3 Qb6 23. b3 f5 24. exf5 gxf5 25. c5 dxc5 26. Nxf5+ Bxf5 27. Qxe5+ Bf6 28.
Qxf5 Rf8 29. Kh1 Qd8 30. Rc1 Rd4 31. Rxa6 Be7 32. Qe6 Rxd3 33. Ra7 Rf7 34. Rxc5
Rdxf3 35. gxf3 Qxd2 36. Rxe7 Qd1+ 37. Kh2 Qd2+ 38. Qe2 {Black resigns} 1-0

[Event "Team 45 45 League T52"]
[Site "Internet Chess Club"]
[Date "2012.03.22"]
[Round "6"]
[White "VillaBallester"]
[Black "jefferyx"]
[Result "1-0"]
[WhiteElo "2088"]
[BlackElo "2103"]
[Opening "Sicilian: dragon variation"]
[ECO "B70"]
[Time "19:31:28"]
[TimeControl "2700+45"]

1. e4 c5 2. Nf3 d6 3. d4 cxd4 4. Nxd4 Nf6 5. Nc3 g6 6. Bc4 Bg7 7. h3 O-O 8. Bb3
Nc6 9. Be3 Bd7 10. O-O Rc8 11. f4 a6 12. Nf3 Qc7 13. Qe1 b5 14. Rd1 Qb8 15. Nd5
Nxd5 16. exd5 Nd8 17. Bd4 Re8 18. Qh4 a5 19. c3 b4 20. Rfe1 Bf8 21. Ng5 h6 22.
Ne6 Bxe6 23. dxe6 f5 24. g4 Qb5 25. c4 Qc6 26. gxf5 a4 27. Qg4 g5 28. Qh5 {Black
resigns} 1-0

[Event "Team 45 45 League T52"]
[Site "Internet Chess Club"]
[Date "2012.03.26"]
[Round "6"]
[White "quotha"]
[Black "qs16"]
[Result "0-1"]
[WhiteElo "1653"]
[BlackElo "1784"]
[Opening "Sicilian"]
[ECO "B50"]
[Time "16:02:56"]
[TimeControl "2700+45"]

1. e4 c5 2. Nf3 d6 3. Bc4 e6 4. O-O Nc6 5. Re1 Na5 6. b3 Nxc4 7. bxc4 Be7 8. Bb2
Bf6 9. c3 Qc7 10. Na3 e5 11. Rb1 a6 12. d4 Ne7 13. h3 O-O 14. Qd3 Be6 15. Nc2
Ng6 16. Bc1 cxd4 17. cxd4 Bxc4 18. Qa3 Rac8 19. Be3 b5 20. Rbc1 Qb7 21. d5 Bd8
22. Nb4 Ra8 23. Nc6 Qc7 24. Nd2 Ne7 25. Nxe7+ Bxe7 26. Nxc4 bxc4 27. Rc3 Rfc8
28. Rec1 Qb7 29. Rxc4 Rxc4 30. Rxc4 Qb1+ 31. Kh2 h6 32. f3 Qe1 33. Rc1 Qe2 34.
Rc7 Bh4 35. Bxh6 gxh6 36. Qxd6 Bg5 37. Qxe5 Qd2 38. Kg3 Qe1+ 39. Kg4 Qh4+ 40.
Kf5 Qh5 41. Rc6 Bc1+ 42. Kf6 Qh4+ {White resigns} 0-1

[Event "Team 45 45 League T52"]
[Site "Internet Chess Club"]
[Date "2012.03.25"]
[Round "6"]
[White "SugarIslander"]
[Black "Hapa-Haole"]
[Result "0-1"]
[WhiteElo "1618"]
[BlackElo "1639"]
[Opening "King's Indian: Semi-Averbakh system"]
[ECO "E73"]
[Time "16:01:22"]
[TimeControl "2700+45"]

1. d4 Nf6 2. c4 g6 3. Nc3 Bg7 4. e4 d6 5. Be2 O-O 6. Be3 e5 7. d5 a5 8. Nf3 Na6
9. O-O Ne8 10. Ne1 f5 11. f3 Nf6 12. Nd3 f4 13. Bf2 g5 14. c5 h5 15. a3 Rf7 16.
b4 Bf8 17. b5 Nb8 18. Rb1 g4 19. g3 Rg7 20. Kh1 gxf3 21. Bxf3 Ng4 22. Qe1 Nxf2+
23. Qxf2 fxg3 24. hxg3 Bh3 25. Rg1 Qf6 26. Qe2 Qh6 27. Nf2 Bg4 28. Rg2 Bxf3 29.
Qxf3 dxc5 30. Rf1 Nd7 31. Rh2 Nf6 32. Ne2 Qg6 33. Kg2 Be7 34. Rfh1 Rf8 35. Qc3
Nxe4 36. Nxe4 Qxe4+ 37. Kg1 Rf3 38. Qd2 Bg5 39. Qa2 Be3+ 40. Kg2 Rf2+ 41. Kg1
{White resigns} 0-1

[Event "Team 45 45 League T52"]
[Site "Internet Chess Club"]
[Date "2012.03.26"]
[Round "6"]
[White "oldsj"]
[Black "nanning"]
[Result "1/2-1/2"]
[WhiteElo "1549"]
[BlackElo "1570"]
[Opening "Caro-Kann: Panov-Botvinnik attack"]
[ECO "B13"]
[Time "09:00:35"]
[TimeControl "2700+45"]

1. e4 c6 2. d4 d5 3. exd5 cxd5 4. c4 Nf6 5. Nc3 Nc6 6. Nf3 Bg4 7. cxd5 Nxd5 8.
Bb5 Nxc3 9. bxc3 Qa5 10. Bxc6+ bxc6 11. Qd3 Qd5 12. O-O Bxf3 13. gxf3 e6 14. Qe4
Bd6 15. Qg4 Qf5 16. Kh1 Qxg4 17. fxg4 c5 18. Ba3 Rc8 19. Rab1 O-O 20. Rb7 Rfd8
21. dxc5 Bxc5 22. Bxc5 Rxc5 23. Rc1 a5 24. c4 h6 25. Rb5 Rdc8 26. a4 Kf8 27. Kg2
Rxc4 28. Rxc4 Rxc4 29. Rxa5 Rxg4+ 30. Kf3 Rd4 31. Ra7 Ke8 32. a5 Rd7 33. Ra8+
Ke7 34. Ke4 f5+ 35. Ke3 e5 36. a6 Kf6 37. a7 Kg6 38. Re8 Rxa7 39. Rxe5 Kg5 40.
Kf3 Rf7 41. Kg3 Kh5 42. h4 g5 43. hxg5 Kxg5 44. f4+ Kh5 45. Re1 Rg7+ 46. Kf3 Kg6
47. Rh1 h5 48. Ke3 Kh6 49. Kd4 Re7 50. Kd5 Re4 51. Rh4 Re1 52. Kd6 Re4 {Game
drawn by mutual agreement} 1/2-1/2

[Event "Team 45 45 League T52"]
[Site "Internet Chess Club"]
[Date "2012.03.22"]
[Round "6"]
[White "ben304"]
[Black "Terlizzi"]
[Result "1/2-1/2"]
[WhiteElo "1741"]
[BlackElo "1671"]
[Opening "Sicilian: Najdorf, Byrne (English) attack"]
[ECO "B90"]
[Time "14:00:38"]
[TimeControl "2700+45"]

1. e4 c5 2. Nf3 d6 3. d4 cxd4 4. Nxd4 Nf6 5. Nc3 a6 6. Be3 e5 7. Nb3 Be6 8. f3
Be7 9. Qd2 O-O 10. Nd5 Nxd5 11. exd5 Bf5 12. Bd3 Bxd3 13. Qxd3 Nd7 14. O-O f5
15. Nd2 Qe8 16. Nc4 b5 17. Na5 Qh5 18. Nc6 Bf6 19. c3 Rae8 20. a4 f4 21. Bf2 e4
22. fxe4 Ne5 23. Nxe5 Bxe5 24. Bd4 f3 25. Bxe5 Rxe5 26. Rxf3 Rfe8 27. Raf1 bxa4
28. Qxa6 Qg6 29. Qxa4 Rxe4 30. Qa7 Rg4 31. Qf2 h6 32. Rf8+ Rxf8 33. Qxf8+ Kh7
34. Qf2 Rg5 35. c4 Qd3 36. Rc1 Rf5 37. Qe1 Qd4+ 38. Kh1 Qxb2 39. h3 Qd4 40. Qd1
Qxd1+ 41. Rxd1 Rf4 42. Rc1 Kg6 43. c5 dxc5 44. Rxc5 Rd4 45. Kh2 Rd3 46. h4 Kf6
47. Rc6+ Ke5 48. Rg6 Rxd5 49. Rxg7 Kf4 50. g3+ Kf5 51. Rh7 Kg6 52. Re7 h5 53.
Kg2 Kf5 54. Rf7+ Kg6 55. Rf4 Rd2+ 56. Rf2 Rd4 57. Rf4 Rd2+ 58. Kf3 Rd3+ 59. Kf2
Rd2+ 60. Ke3 Ra2 61. Rd4 Kf5 62. Rd5+ Kg6 63. Re5 Ra3+ 64. Kf4 Ra4+ 65. Re4 Ra5
66. g4 hxg4 67. Kxg4 Rb5 68. Rd4 Rb6 69. h5+ Kh6 70. Rf4 Rb1 71. Rf6+ Kg7 72.
Rg6+ Kh7 73. Kg5 Rg1+ 74. Kf6 Rf1+ 75. Kg5 Rg1+ 76. Kf5 Rf1+ 77. Kg5 Rg1+ 78.
Kf6 Rf1+ 79. Kg5 Rg1+ 80. Kf6 Rf1+ 81. Kg5 Rg1+ 82. Kf6 Rf1+ {Game drawn by
repetition} 1/2-1/2

[Event "Team 45 45 League T52"]
[Site "Internet Chess Club"]
[Date "2012.03.26"]
[Round "6"]
[White "AVEMARIA"]
[Black "portis2"]
[Result "1-0"]
[WhiteElo "1644"]
[BlackElo "1538"]
[Opening "Caro-Kann: advance variation"]
[ECO "B12"]
[Time "17:00:48"]
[TimeControl "2700+45"]

1. e4 c6 2. d4 d5 3. e5 Bf5 4. Be3 e6 5. Nf3 Qb6 6. Qc1 Nd7 7. Nbd2 Ne7 8. Be2
Ng6 9. O-O a5 10. c4 c5 11. cxd5 exd5 12. a4 Be7 13. Bb5 O-O 14. Bxd7 Bxd7 15.
dxc5 Qb4 16. Qc3 Qxc3 17. bxc3 Rfc8 18. Nb3 Be6 19. Nfd4 Nxe5 20. Nxe6 fxe6 21.
h3 Nd3 22. f4 Bxc5 23. Nd4 Kf7 24. Rab1 Rab8 25. Rfd1 Bxd4 26. Bxd4 Nxf4 27. Rf1
{Black resigns} 1-0

[Event "Team 45 45 League T52"]
[Site "Internet Chess Club"]
[Date "2012.03.26"]
[Round "6"]
[White "KyleMayhugh"]
[Black "Warpdrive"]
[Result "1-0"]
[WhiteElo "1584"]
[BlackElo "1622"]
[Opening "Caro-Kann: advance variation"]
[ECO "B12"]
[Time "22:13:21"]
[TimeControl "2700+45"]

1. e4 c6 2. d4 d5 3. e5 Bf5 4. h4 h6 5. g4 Be4 6. f3 Bh7 7. Bd3 Bxd3 8. Qxd3 e6
9. f4 Nd7 10. Nc3 c5 11. dxc5 Bxc5 12. Bd2 a6 13. Nf3 Qc7 14. O-O-O O-O-O 15.
Rhe1 Ne7 16. f5 Nb6 17. Nd4 Bxd4 18. Qxd4 Nc6 19. Qf4 Nc4 20. g5 Nxd2 21. Rxd2
hxg5 22. hxg5 Rdf8 23. Qg4 Qd7 24. f6 g6 25. Na4 Qc7 26. Qf4 Rh5 27. Nc5 Rfh8
28. Nd3 Rh4 29. Qg3 Rh3 30. Qf2 Rh1 31. Rdd1 R1h2 32. Qc5 b6 33. Qc3 Na5 34.
Qxc7+ Kxc7 35. Rd2 Nc4 36. Rxh2 Rxh2 37. b3 Na3 38. Kb2 Nb5 39. Rg1 Nd4 40. Kb1
Nxc2 41. Rc1 Kc6 42. Rxc2+ Rxc2 43. Kxc2 a5 44. Nf4 Kd7 45. Kc3 {Black resigns}
1-0

[Event "Team 45 45 League T52"]
[Site "Internet Chess Club"]
[Date "2012.03.24"]
[Round "6"]
[White "tightfist"]
[Black "Saducat996"]
[Result "1-0"]
[WhiteElo "1539"]
[BlackElo "1409"]
[Opening "English: Anglo-Grünfeld defense"]
[ECO "A16"]
[Time "20:01:37"]
[TimeControl "2700+45"]

1. c4 Nf6 2. Nc3 d5 3. cxd5 Nxd5 4. Nf3 g6 5. g3 Bg7 6. Bg2 c6 7. O-O Nxc3 8.
bxc3 Na6 9. Rb1 Bf5 10. Rxb7 Nc5 11. Rb4 Na6 12. Rb2 O-O 13. Nh4 Be6 14. Bxc6
Rb8 15. Rxb8 Nxb8 16. Bg2 Bxa2 17. Qa4 Be6 18. Qxa7 Bh6 19. f4 g5 20. fxg5 Bxg5
21. Nf3 Bh6 22. Qd4 Qc7 23. Ba3 Re8 24. Qc5 Qxc5+ 25. Bxc5 Nd7 26. Bd4 Bc4 27.
d3 Ba6 28. Ra1 Bb5 29. Ra7 e5 30. Bf2 e4 31. Nd4 e3 32. Nxb5 exf2+ 33. Kxf2 Be3+
34. Ke1 Bxa7 35. Nxa7 Nc5 36. Kd2 Nb3+ 37. Kd1 Re7 38. Nb5 Re5 39. c4 Rf5 40. h3
Rf2 41. Bf3 Rf1+ 42. Kc2 Nc1 43. Nd4 Na2 44. c5 Nb4+ 45. Kc3 Na2+ 46. Kc4 Rc1+
47. Kd5 Nb4+ 48. Kd6 Na6 49. c6 Rc5 50. Kd7 Kf8 51. g4 h6 52. Nf5 h5 53. d4 Rb5
54. Nd6 Nb8+ 55. Kd8 Rb6 56. d5 hxg4 57. Bxg4 f6 58. Kc7 Rb4 59. Nb7 {Black
resigns} 1-0

[Event "Team 45 45 League T52"]
[Site "Internet Chess Club"]
[Date "2012.03.25"]
[Round "6"]
[White "chrisgianno"]
[Black "hi12980"]
[Result "0-1"]
[WhiteElo "1541"]
[BlackElo "1602"]
[Opening "Grünfeld: Stockholm variation"]
[ECO "D80"]
[Time "13:24:06"]
[TimeControl "2700+45"]

1. d4 Nf6 2. c4 g6 3. Nc3 d5 4. Bg5 c6 5. Nf3 dxc4 6. e4 b5 7. Qc2 Bg7 8. Be2
O-O 9. O-O-O Bb7 10. Rhe1 Na6 11. d5 Qc7 12. g3 Ng4 13. Bf1 Nb4 14. Qe2 Nd3+ 15.
Rxd3 cxd3 16. Qd2 cxd5 17. Kb1 dxe4 18. h3 Nf6 19. Nxb5 Qb6 {White resigns} 0-1

[Event "Team 45 45 League T52"]
[Site "Internet Chess Club"]
[Date "2012.03.25"]
[Round "6"]
[White "almond123"]
[Black "BotanicalKnight"]
[Result "1-0"]
[WhiteElo "1297"]
[BlackElo "1493"]
[Opening "Caro-Kann defense"]
[ECO "B15"]
[Time "19:02:55"]
[TimeControl "2700+45"]

1. e4 c6 2. d4 d5 3. Nc3 Qa5 4. Bd2 dxe4 5. Nxe4 Qc7 6. Nf3 Bg4 7. h3 Bh5 8. Be2
Nd7 9. O-O Ngf6 10. Nxf6+ gxf6 11. Be3 e6 12. Qd3 Bg6 13. Qd2 Bg7 14. Bd3 e5 15.
Bxg6 hxg6 16. Rfe1 O-O 17. Bh6 exd4 18. Nxd4 Qd6 19. Bxg7 Kxg7 20. Nf5+ gxf5 21.
Qxd6 {Black resigns} 1-0

[Event "Team 45 45 League T52"]
[Site "Internet Chess Club"]
[Date "2012.03.24"]
[Round "6"]
[White "cBishop"]
[Black "jkovar"]
[Result "1/2-1/2"]
[WhiteElo "1661"]
[BlackElo "1911"]
[Opening "Sicilian defense"]
[ECO "B34"]
[Time "13:01:29"]
[TimeControl "2700+45"]

1. e4 c5 2. Nf3 Nc6 3. d4 cxd4 4. Nxd4 g6 5. c3 Bg7 6. Be3 Nf6 7. Bd3 O-O 8. O-O
d5 9. Nd2 Ng4 10. Nxc6 Nxe3 11. Nxe7+ Qxe7 12. fxe3 Rd8 13. Qc2 dxe4 14. Bc4 Bf5
15. Nb3 Rac8 16. Qe2 Qc7 17. g4 Qxc4 18. Qxc4 Rxc4 19. gxf5 Rd3 20. Rad1 Rxe3
21. Rd8+ Bf8 22. f6 Rf3 23. Rxf3 exf3 24. Nd4 Ra4 25. Kf2 Rxa2 26. Kxf3 Rxb2 27.
Ke4 Rxh2 28. Rb8 Rh3 29. c4 Rc3 30. Kd5 Re3 31. c5 h5 32. c6 bxc6+ 33. Nxc6 h4
34. Ne7+ Kh7 35. Rxf8 h3 36. Rxf7+ Kh6 37. Ng8+ Kg5 38. Rxa7 Kg4 39. f7 Rf3 40.
Ke4 h2 41. Ra1 Kg3 42. Nh6 Rf2 43. Rh1 {Game drawn by mutual agreement} 1/2-1/2

[Event "Team 45 45 League T52"]
[Site "Internet Chess Club"]
[Date "2012.03.25"]
[Round "6"]
[White "JMB2009"]
[Black "elessar"]
[Result "1-0"]
[WhiteElo "1834"]
[BlackElo "1587"]
[Opening "Petrov: classical attack"]
[ECO "C42"]
[Time "14:30:55"]
[TimeControl "2700+45"]

1. e4 e5 2. Nf3 Nf6 3. Nxe5 d6 4. Nf3 Nxe4 5. d4 d5 6. Bd3 Be7 7. O-O Nc6 8. c3
Bf5 9. Re1 O-O 10. Nbd2 Nxf2 11. Kxf2 Bxd3 12. Kg1 Bf5 13. Nf1 Re8 14. b3 Bf6
15. Ne3 Be4 16. Bb2 Qd7 17. Nd2 Re6 18. Qg4 Rd8 19. Nxe4 Rxe4 20. Qxd7 Rxd7 21.
Nxd5 Rxe1+ 22. Rxe1 Be7 23. Nxe7+ Rxe7 24. Rxe7 Nxe7 25. c4 c6 26. Kf2 f6 27.
Kf3 Kf7 28. Ke4 Ke6 29. Ba3 g6 30. g4 b6 31. h4 a6 32. Bb4 f5+ 33. gxf5+ Nxf5
34. d5+ cxd5+ 35. cxd5+ Kd7 36. Be1 Kd6 37. h5 Ng7 38. hxg6 hxg6 39. Bg3+ Kd7
40. Bf2 b5 41. Kd4 Nf5+ 42. Ke5 Ne7 43. Be3 Nf5 44. Bf2 Ne7 45. Bg3 Nf5 46. Bf4
Ne7 47. Kd4 Nf5+ 48. Kc5 Ne7 49. b4 Nc8 50. d6 g5 51. Bg3 Na7 52. Kb6 Nc6 53. a3
a5 54. bxa5 b4 55. axb4 Nxb4 56. a6 Nc6 57. a7 {Black resigns} 1-0

[Event "Team 45 45 League T52"]
[Site "Internet Chess Club"]
[Date "2012.03.26"]
[Round "6"]
[White "cepheid"]
[Black "Hal2001"]
[Result "1-0"]
[WhiteElo "1632"]
[BlackElo "1660"]
[Opening "Sicilian: Alapin's variation (2.c3)"]
[ECO "B22"]
[Time "12:08:02"]
[TimeControl "2700+45"]

1. e4 c5 2. c3 d5 3. exd5 Qxd5 4. d4 Nc6 5. Nf3 Bg4 6. Be2 cxd4 7. cxd4 e6 8.
Nc3 Qa5 9. h3 Bh5 10. d5 O-O-O 11. Bd2 Bxf3 12. Bxf3 Ne5 13. Rc1 Nd3+ 14. Kf1
Nxc1 15. Qxc1 Qc7 16. dxe6 fxe6 17. g3 Bd6 18. Qe1 Qd7 19. Be3 Kb8 20. a4 Bb4
21. Bxa7+ Ka8 22. Be3 Ne7 23. Qa1 Bxc3 24. bxc3 Rhf8 25. Kg2 Nc6 26. Rb1 Qf7 27.
Bxc6 bxc6 28. Qa3 Qf3+ 29. Kh2 Qf7 30. Qc5 Rb8 31. Qa5+ Qa7 32. Qxa7# {Black
checkmated} 1-0

[Event "Team 45 45 League T52"]
[Site "Internet Chess Club"]
[Date "2012.03.24"]
[Round "6"]
[White "JPB2010"]
[Black "Gilguli"]
[Result "0-1"]
[WhiteElo "1216"]
[BlackElo "1389"]
[Opening "Réti opening"]
[ECO "A05"]
[Time "15:00:53"]
[TimeControl "2700+45"]

1. Nf3 Nf6 2. g3 Nc6 3. Bg2 e5 4. d3 Bc5 5. O-O d6 6. Nbd2 a6 7. b3 Bg4 8. Bb2
Qd7 9. Qe1 h5 10. h3 Bxh3 11. Bxh3 Qxh3 12. Ng5 Qxg3+ 13. Kh1 Qh4+ 14. Kg1 Qxg5+
15. Kh1 Qh4+ 16. Kg1 Ng4 17. Nf3 Qf6 18. Kg2 h4 19. e3 h3+ 20. Kh1 Qxf3+ 21. Kg1
h2# {White checkmated} 0-1

[Event "Team 45 45 League T52"]
[Site "Internet Chess Club"]
[Date "2012.03.23"]
[Round "6"]
[White "rayonline53"]
[Black "crazyhorses"]
[Result "0-1"]
[WhiteElo "1591"]
[BlackElo "1553"]
[Opening "Vienna gambit"]
[ECO "C29"]
[Time "16:06:00"]
[TimeControl "2700+45"]

1. e4 e5 2. Nc3 Nf6 3. f4 d6 4. Nf3 Nc6 5. Bc4 Be7 6. d3 O-O 7. f5 Na5 8. Bb3 c6
9. Be3 Nxb3 10. axb3 Ng4 11. Bg1 Bh4+ 12. g3 Bg5 13. Qe2 g6 14. h3 Nh6 15. g4
Bf4 16. Bh2 Bxh2 17. Rxh2 Kg7 18. g5 Nxf5 19. exf5 Bxf5 20. Ne4 d5 21. Nf6 e4
22. Nh4 Qc8 23. Nxf5+ Qxf5 24. h4 exd3 25. cxd3 h6 26. Rf2 Qh3 27. Qe5 Qe6 28.
Nh5+ Kh7 29. Qxe6 fxe6 30. Rxf8 Rxf8 31. Nf6+ Kg7 32. Ke2 hxg5 33. hxg5 a6 34.
Rh1 Rf7 35. Rh7+ Kf8 36. Rh8+ Ke7 37. Rh7 Rxh7 38. Nxh7 e5 39. Kf3 Ke6 40. Kg4
c5 41. Nf6 b5 42. Ne8 Kd7 43. Nf6+ Kc6 44. Nh7 c4 45. bxc4 bxc4 46. dxc4 d4 47.
Kf3 Kc5 48. b3 Kb4 49. Nf8 Kxb3 50. Nxg6 d3 51. Nxe5 d2 52. Ke2 Kc2 {White
resigns} 0-1